 Dungeon Crawl Stone Soup version 0.22.0-40-g68aacdc (webtiles) character file.

56 shadizar the Firebug (level 3, -2/20 HPs)
             Began as a Gargoyle Fire Elementalist on Sept 2, 2018.
             Slain by a worm (8 damage)
             ... on level 2 of the Dungeon.
             The game lasted 00:04:05 (1453 turns).

shadizar the Firebug (Gargoyle Fire Elementalist)   Turns: 1453, Time: 00:04:06

Health: -2/20      AC:  5    Str: 11    XL:     3   Next: 97%
Magic:  1/6        EV: 12    Int: 16    God:
Gold:   25         SH:  0    Dex: 10    Spells: 2/6 levels left

rFire    . . .     SeeInvis .   d - +0 club
rCold    . . .     Gourm    .   (no shield)
rNeg     + . .     Faith    .   a - +0 robe
rPois    ∞         Spirit   .   (no helmet)
rElec    +         Reflect  .   (no cloak)
rCorr    .         Harm     .   (no gloves)
MR       .....                  (no boots)
Stlth    ++........             (no amulet)
HPRegen  0.06/turn              (no ring)
MPRegen  0.10/turn              (no ring)

@: no status effects
A: negative energy resistance 1, electricity resistance, unbreathing,
petrification resistance, rot immunity, AC +3
a: no special abilities


You were on level 2 of the Dungeon.
You were not hungry.

You visited 1 branch of the dungeon, and saw 2 of its levels.

You collected 25 gold pieces.

Inventory:

Hand Weapons
 d - a +0 club (weapon)
 k - a +0 hunting sling
Missiles
 j - 31 stones (quivered)
Armour
 a - a +0 robe (worn)
Jewellery
 e - an uncursed amulet of the gourmand {unknown}
Scrolls
 f - a scroll of fear {unknown}
 l - a scroll of identify {unknown}
Potions
 b - a potion of berserk rage {unknown}
 g - a potion of resistance {unknown}
 h - a potion of lignification {unknown}
 i - a potion of mutation {unknown}
Comestibles
 c - 3 rations


   Skills:
 + Level 1.3 Fighting
 + Level 0.8 Maces & Flails
 + Level 1.9 Dodging
 + Level 2.7 Stealth
 + Level 2.3 Spellcasting
 + Level 1.7 Conjurations
 + Level 3.2 Fire Magic


You had 2 spell levels left.
You knew the following spells:

 Your Spells              Type           Power        Failure   Level  Hunger
a - Flame Tongue          Conj/Fire      #....        7%          1    #......
b - Conjure Flame         Conj/Fire      #.......     22%         3    ###....

Your spell library contained the following spells:

 Spells                   Type           Power        Failure   Level  Hunger
 Throw Flame              Conj/Fire      #.....       11%         2    ###....
 Inner Flame              Hex/Fire       #.......     30%         3    ###....
 Sticky Flame             Conj/Fire      #.......     56%         4    #####..
 Fireball                 Conj/Fire      #.........   89%         5    ######.


Dungeon Overview and Level Annotations

Branches:
Dungeon (2/15)

Altars:


Innate Abilities, Weirdness & Mutations

You are resistant to torment.
Your stone body is resilient. (AC +3)
You are immune to poison.
You resist negative energy. (rN+)
You are resistant to electric shocks. (rElec)
You can survive without breathing.
You are immune to petrification.
You are immune to rotting.


Message History

Aiming: Flame Tongue (safe; 7% risk of failure)
Press: ? - help, Shift-Dir - straight line, f/p - worm
Aim: a worm (moderately wounded)
The flame tongue hits the worm.
The worm is severely wounded.
You hit the worm.
The worm is almost dead.
You hit the worm but do no damage.
The worm is almost dead.
The worm bites you!
* * * LOW HITPOINT WARNING * * *
You hit the worm.
The worm is almost dead.
The worm barely misses you.
You barely miss the worm.
The worm is almost dead.
You barely miss the worm.
The worm is almost dead.
The worm bites you!
You die...

#..# #.# #..# #.# #..# ##.##
##### #..#####...## #...#
#.....#.....###... #.#.#
##.##.w<....w.w...
####.#[#####†####.....#..##l
#....#....##w# #........##
#<#######...@# #.#####..#
#....#....#### #. .$#
####.#.#### #. #... # #.
#### #.


You could see a worm.

Vanquished Creatures
  An adder (D:2)
  A worm (D:2)
  4 dart slugs (D:1)
  2 giant cockroaches (D:1)
  2 hobgoblins (D:1)
  6 kobolds (D:1)
  5 ball pythons (D:1)
  4 bats (D:1)
  3 frilled lizards (D:1)
  5 goblins
  4 rats (D:1)
37 creatures vanquished.

Notes
Turn   | Place    | Note
-------+----------+-------------------------------------------
     0 | D:1      | shadizar the Gargoyle Fire Elementalist began the quest for the Orb.
     0 | D:1      | Reached XP level 1. HP: 10/10 MP: 3/3
   417 | D:1      | Reached XP level 2. HP: 13/16 MP: 3/5
  1075 | D:1      | Reached XP level 3. HP: 18/20 MP: 1/6
  1132 | D:1      | Reached skill level 1 in Fighting
  1340 | D:1      | Learned a level 3 spell: Conjure Flame
  1453 | D:2      | Slain by a worm

Skill      XL: |  1  2  3 |
---------------+----------+-----
Fighting       | 1 |  1.3
Maces & Flails | |  0.8
Dodging        | |  1.9
Stealth        | |  2.7
Spellcasting   | |  2.3
Conjurations   | |  1.7
Fire Magic     | |  3.2

Action                   || total
-------------------------++-------
Melee: Club              ||    45
 Cast: Flame Tongue      ||    52
  Eat: Chunk             ||     3
Armor: Robe              ||    26
Dodge: Dodged            ||    52
